 Dungeon Crawl Stone Soup version 0.31.0-9-g3a7656b989 (webtiles) character file.

Game seed: 13960503478074812258

78 qw the Shooter (level 4, -6/22 HPs)
             Began as a Spriggan Hunter on Feb 2, 2024.
             Was an Initiate of Okawaru.
             Killed from afar by an oklob plant (28 damage)
             ... with a splash of acid
             ... on level 3 of the Dungeon.
             The game lasted 00:00:08 (1971 turns).

qw the Shooter (Spriggan Hunter)                    Turns: 1971, Time: 00:00:08

Health: -6/22      AC:  2    Str:  7    XL:     4   Next: 15%
Magic:  5/5        EV: 19    Int: 10    God:    Okawaru [......]
Gold:   157        SH:  0    Dex: 20    Spells: 3/3 levels left

rFire   . . .        a - +0 shortbow
rCold   . . .        (shield currently unavailable)
rNeg    . . .        c - +0 robe
rPois   .            (helmet restricted)
rElec   .            (no cloak)
rCorr   .            (gloves unavailable)
SInv    +            (boots unavailable)
Will    .....        (no amulet)
Stlth   ++           (no ring)
HPRegen 0.23/turn    (no ring)
MPRegen 0.09/turn

%: no passive effects
@: very quick
A: very small, no large weapons, unfitting armour, see invisible, speed 3
a: Renounce Religion


You were on level 3 of the Dungeon.
You worshipped Okawaru.
Okawaru was noncommittal.
You visited 1 branch of the dungeon, and saw 3 of its levels.

You collected 157 gold pieces.


Innate Abilities, Weirdness & Mutations

You are very small and have problems with some larger weapons.
You are too small for most types of armour.
You have supernaturally acute eyesight. (SInv)
You cover ground extremely quickly. (Speed+++)


   Skills:
 - Level 1.5 Fighting
 - Level 5.0 Ranged Weapons
 + Level 4.4 Dodging
 - Level 1.5 Stealth


You had 3 spell levels left.
You didn't know any spells.
Your spell library was empty.

Inventory:

Hand Weapons
 a - a +0 shortbow (weapon)
Armour
 c - a +0 robe (worn)
Scrolls
 e - 2 scrolls of identify
 h - a scroll of teleportation
Potions
 b - a potion of enlightenment
 d - a potion of curing

Dungeon Overview and Level Annotations

Branches:
Dungeon (3/15)

Altars:
Cheibriados
Dithmenos
Fedhas
Gozag
Okawaru
Trog
Wu Jian


Message History

You shoot an arrow. The arrow hits the oklob plant!
The oklob plant is moderately damaged.
You shoot an arrow.
The arrow hits the oklob plant but does no damage.
The oklob plant is moderately damaged.
You shoot an arrow.
The arrow hits the oklob plant but does no damage.
The oklob plant is moderately damaged.
You shoot an arrow. The arrow hits the oklob plant.
The oklob plant is moderately damaged.
The oklob plant spits acid at you. The splash of acid misses you.
You shoot an arrow.
The arrow hits the oklob plant but does no damage.
The oklob plant is moderately damaged.
The oklob plant spits acid at you. The splash of acid misses you.
You shoot an arrow. The arrow hits the oklob plant.
The oklob plant is moderately damaged.
The oklob plant spits acid at you. The splash of acid misses you.
You shoot an arrow.
The arrow hits the oklob plant but does no damage.
The oklob plant is moderately damaged.
You shoot an arrow.
The arrow hits the oklob plant but does no damage.
The oklob plant is moderately damaged.
You shoot an arrow. The arrow hits the oklob plant.
The oklob plant is moderately damaged.
You shoot an arrow. The arrow hits the oklob plant.
The oklob plant is moderately damaged.
You shoot an arrow.
The arrow hits the oklob plant but does no damage.
The oklob plant is moderately damaged.
The oklob plant spits acid at you. The splash of acid misses you.
The oklob plant spits acid at you. The splash of acid hits you!!
Ouch! That really hurt!
You die...

##7...~~~~~~~~~~~.P #
#PPPP.~~~~...~~~~.###
#7PPP......_.~~~~....
#PPP7.~~~~...~~~~.###
#P7...~~~~~~~~~~~.P.#
##P.P..~~~~~~~~~..#P#
#PPPPP..~~~~~~~..P.7#
#PP.P#...~~~~~..PPPP#
#PP.@.7........PP77P#


#...PPP#PPPPPPPP77 7# #PP..PPPP...P.PPPP7 # #P.P.P7PPP7PP7P7P.7 #
#P7PP#PPP.#PPPPPP..P# ##################### ## #. #. You could see an oklob
plant.

Vanquished Creatures
  A gnoll (D:3)
  3 adders (D:3)
  A dart slug (D:1)
  A ribbon worm (D:2)
  A ball python (D:3)
  6 endoplasms
  3 giant cockroaches
  2 goblins
  2 hobgoblins
  3 jackals
  2 bats
  2 frilled lizards (D:1)
  7 kobolds
  4 rats (D:3)
38 creatures vanquished.

Notes
Turn   | Place    | Note
-------+----------+-------------------------------------------
     0 | D:1      | qw the Spriggan Hunter began the quest for the Orb.
     0 | D:1      | Reached XP level 1. HP: 10/10 MP: 2/2
     0 | D:1      | 0 ||| qw: Version: 0.3-a-155-g5e7d8dd
     0 | D:1      | 0 ||| qw: Game counter: 906
     0 | D:1      | 0 ||| qw: Melee chars always use a shield: true
     0 | D:1      | 0 ||| qw: God list: Okawaru
     0 | D:1      | 0 ||| qw: Allow faded altars: false
     0 | D:1      | 0 ||| qw: Do Orc after clearing Dungeon:15 true
     0 | D:1      | 0 ||| qw: Do second Lair branch before Depths: true
     0 | D:1      | 0 ||| qw: Lair rune preference: random
     0 | D:1      | 0 ||| qw: Goals: Normal
     0 | D:1      | 0 ||| PLANNING D:1-11
     0 | D:1      | Found an ornate altar of the Wu Jian Council.
    32 | D:1      | Reached skill level 3 in Dodging
   401 | D:1      | Reached XP level 2. HP: 14/14 MP: 3/3
   779 | D:1      | 779 ||| READING 2 scrolls labelled UKHYHU GEDEPP.
   779 | D:1      | 779 ||| IDENTIFYING murky brown potion
   780 | D:1      | 780 ||| READING scroll of identify.
   780 | D:1      | 780 ||| IDENTIFYING puce potion
   781 | D:1      | 781 ||| READING scroll labelled NOMIOG NAFAI.
   781 | D:1      | 781 ||| ENCHANTING +0 shortbow.
   782 | D:1      | 782 ||| DROPPING scroll of butterflies.
   783 | D:1      | 783 ||| DROPPING potion of degeneration.
   814 | D:2      | 814 ||| STAIRDANCE
  1223 | D:2      | Reached XP level 3. HP: 18/18 MP: 4/4
  1409 | D:2      | 1409 ||| READING scroll labelled VUURAD IGUAT.
  1410 | D:2      | 1410 ||| READING scroll labelled QABAHOATZO.
  1414 | D:2      | 1414 ||| READING scroll labelled MIWUSS POAMA.
  1415 | D:2      | 1415 ||| READING scroll labelled HEETUU KAZANODWOKK.
  1416 | D:2      | 1416 ||| READING scroll labelled CULOIV XONWACW.
  1514 | D:3      | Found a shadowy altar of Dithmenos.
  1623 | D:3      | Found a bloodstained altar of Trog.
  1683 | D:3      | Reached skill level 5 in Ranged Weapons
  1742 | D:3      | Reached XP level 4. HP: 22/22 MP: 5/5
  1750 | D:3      | Found a snail-covered altar of Cheibriados.
  1791 | D:3      | Found an iron altar of Okawaru.
  1792 | D:3      | 1792 ||| PLANNING OKAWARU WORSHIP
  1794 | D:3      | 1794 ||| READING 4 scrolls of identify.
  1794 | D:3      | 1794 ||| IDENTIFYING fuming inky potion
  1795 | D:3      | 1795 ||| READING 3 scrolls of identify.
  1795 | D:3      | 1795 ||| IDENTIFYING dark potion
  1796 | D:3      | 1796 ||| READING 2 scrolls of identify.
  1796 | D:3      | 1796 ||| IDENTIFYING scroll labelled COWKAL POEGGAL
  1797 | D:3      | 1797 ||| DROPPING scroll of vulnerability.
  1798 | D:3      | 1798 ||| DROPPING potion of lignification.
  1803 | D:3      | Became a worshipper of Warmaster Okawaru
  1804 | D:3      | 1804 ||| PLANNING D:1-11
  1844 | D:3      | Found an opulent altar of Gozag.
  1928 | D:3      | Found a blossoming altar of Fedhas.
  1942 | D:3      | Noticed an oklob plant
  1971 | D:3      | Killed from afar by an oklob plant

Levels and vault maps discovered:
D:1:      sevenhm_arrival_forest_fort_small_6, layout_loops_ring, serial_bayou,
          serial_bayou_pond_a, serial_bayou_shore_a, serial_bayou_shore_b,
          serial_bayou_pond_d
D:2:      layout_loops_cross
D:3:      layout_basic, lemuel_tele_altar, trog_antimagical,
          mainiacjoe_overflow_cross_hatched, mainiacjoe_overflow_alcove_1,
          tgw_fedhas, nicolae_dithmenos_shadow_blocks,
          minmay_misc_feat_four_crosses

Skill      XL: |  1  2  3 |
---------------+----------+-----
Dodging        | 3 4 |  4.4
Ranged Weapons | 5 |  5.0
Fighting       | |  1.5
Stealth        | |  1.5

Action                     |  1- 3 |  4- 6 || total
---------------------------+-------+-------++-------
   Fire: Shortbow          |   114 |    27 ||   141
    Use: Scroll            |     8 |     3 ||    11
 Armour: Robe              |    15 |     1 ||    16
  Dodge: Dodged            |    64 |     4 ||    68

Table legend:
 A = Non-vault XP
 B = Vault XP
 C = Vault XP percentage of total XP
 D = Non-vault monster count
 E = Vault monster count
 F = Vault count percentage of total count
                 A         B        C        D         E       F
            +---------+---------+-------+---------+---------+-------
      Total |      96 |      16 |  14.3 |      35 |       3 |   7.9
            +---------+---------+-------+---------+---------+-------
        D:1 |      20 |       0 |   0.0 |      12 |       0 |   0.0
        D:2 |      21 |       0 |   0.0 |      10 |       0 |   0.0
        D:3 |      55 |      16 |  22.5 |      13 |       3 |  18.8
            +---------+---------+-------+---------+---------+-------
